 Dungeon Crawl Stone Soup version 0.31-a0-845-g9abc20d24f (webtiles) character file.

Game seed: 8587823553758098393

95 Ethylacetat the Changeling (level 4, 0/29 HPs)
             Began as an Octopode Shapeshifter on Oct 2, 2023.
             Slain by a rat (2 damage)
             ... on level 2 of the Dungeon.
             The game lasted 00:01:05 (1383 turns).

Ethylacetat the Changeling (Octopode Shapeshifter)  Turns: 1383, Time: 00:01:05

Health: 0/29       AC:  1    Str: 13    XL:     4   Next: 65%
Magic:  4/4        EV: 13    Int: 12    God:
Gold:   36         SH:  0    Dex: 13    Spells: 3/3 levels left

rFire   . .          .
                       - Unarmed
rCold   . . .        (no shield)
rNeg    . . .        (helmet currently unavailable)
rPois   .            (no amulet)
rElec   .            (no ring)
rCorr   .            (no ring)
SInv    .            (no ring)
Will    .....        (no ring)
Stlth   ++           (no ring)
HPRegen 0.24/turn    (no ring)
MPRegen 0.09/turn    (no ring)
                     (no ring)

%: no passive effects
@: beast-form
A: beast (slay +2), almost no armour, amphibious, 8 rings, camouflage 1,
gelatinous body 1, (nimble swimmer 1), tentacles
a: Begin Untransformation


You were on level 2 of the Dungeon.
You were a hulking beast.
You visited 1 branch of the dungeon, and saw 2 of its levels.

You collected 36 gold pieces.

Inventory:

Talismans
 b - a beast talisman (active)
 c - a flux talisman
Scrolls
 f - a scroll of butterflies {unknown}
 g - a scroll of teleportation {unknown}
 h - 2 scrolls of identify {unknown}
Potions
 a - a potion of lignification
 d - a potion of degeneration {unknown}
 e - a potion of enlightenment {unknown}


   Skills:
 + Level 2.0 Fighting
 + Level 2.7 Dodging
 + Level 3.5 Unarmed Combat
 * Level 3.9 Shapeshifting


You had 3 spell levels left.
You didn't know any spells.
Your spell library was empty.

Dungeon Overview and Level Annotations

Branches:
Dungeon (2/15)

Altars:


Innate Abilities, Weirdness & Mutations

You are a hulking beast.
Your limbs bulge with bestial killing power. (Slay +2)
You cannot wear most types of armour.
You are amphibious.
You can wear up to eight rings at the same time.
Your skin changes colour to match your surroundings (Stealth+).
Your rubbery body absorbs attacks. (AC +1, EV +1)
((You are camouflaged when in or above water. (Stealth+)))
You have tentacles for arms and can constrict up to eight enemies at once.


Message History

There is a stone staircase leading down here.
Found 2 stones.
No target in view!
You see here 2 stones.
Found a hand axe.
No target in view!
Terence the Incautious comes into view.
He is wielding a +0 mace and wearing a +3 scale mail of fire resistance.
Found a scroll labelled EPEAPU ZOQOL.
Terence is nearby!
Terence shouts!
You hear a shout! x3
A gnoll comes into view. It is wielding a +0 flail.
There are monsters nearby!
Terence hits you with a +0 mace.
A rat comes into view.
You tentacle-slap Terence but do no damage.
You grab Terence. You squeeze Terence, but do no damage.
You constrict Terence, but do no damage.
Terence closely misses you.
You tentacle-slap Terence but do no damage.
You squeeze Terence.
Terence is moderately wounded.
You constrict Terence. Terence hits you with a +0 mace.
You tentacle-slap Terence.
Terence is moderately wounded.
You constrict Terence. Terence hits you with a +0 mace.
You bludgeon Terence! You tentacle-slap Terence. You squeeze Terence.
You kill Terence!
A hobgoblin comes into view.
The gnoll throws a throwing net.
The throwing net hits you.
You become entangled in the net!
Your Fighting skill increases to level 2!
Unknown command.
You struggle against the net.
You struggle against the net.
The gnoll hits you with a +0 flail!
A gnoll comes into view. It is wielding a +0 club.
You tear a large gash into the net.
The rat barely misses you. The gnoll hits you with a +0 flail!
* * * LOW HITPOINT WARNING * * *
You shred the net and break free! The rat bites you.
You die...

#.# ..# #.# ..#
#.# #.# #.# #?#
##########.# #.#
#...)......#
#.###.#.#.###.##
.g.#####.#...#...#
#.#
......gh...#####.#
#.#
......r..#...#...#
#.#
...#########.#.###
#.# . #...#####.#
##........#
##########


You could see 2 gnolls and a rat.

Vanquished Creatures
  Terence (D:2)
  4 adders (D:2)
  A dart slug (D:2)
  3 endoplasms
  4 hobgoblins
  6 kobolds (D:1)
  A quokka (D:1)
  4 ball pythons (D:1)
  4 bats
  2 frilled lizards (D:1)
  2 goblins
  2 rats
34 creatures vanquished.

Notes
Turn   | Place    | Note
-------+----------+-------------------------------------------
     0 | D:1      | Ethylacetat the Octopode Shapeshifter began the quest for
                  | the Orb.
     0 | D:1      | Reached XP level 1. HP: 13/13 MP: 1/1
   381 | D:1      | Reached XP level 2. HP: 7/18 MP: 2/2
   488 | D:1      | Found a faded altar of an unknown god.
  1091 | D:2      | Reached XP level 3. HP: 23/23 MP: 3/3
  1176 | D:2      | Reached XP level 4. HP: 19/29 MP: 4/4
  1372 | D:2      | Noticed Terence
  1379 | D:2      | Killed Terence
  1383 | D:2      | Slain by a rat

Illustrated notes

Levels and vault maps discovered:
D:1:      sevenhm_arrival_forest_fort_large_4, layout_loops_corners,
          nicolae_ecumenical_snake_handling, amethyst_killhole,
          chequers_arboretum
D:2:      layout_loops_ring, eino_tiny_chamber, uniq_terence

Skill      XL: |  1  2  3  4 |
---------------+-------------+-----
Fighting       | 2 |  2.0
Dodging        | |  2.7
Unarmed Combat | |  3.5
Shapeshifting  | |  3.9

Action                     |  1- 3 |  4- 6 || total
---------------------------+-------+-------++-------
  Melee: Unarmed           |    51 |    13 ||    64
         Constrict         |    13 |     2 ||    15
         Tentacles         |    10 |     4 ||    14
         Punch             |     2 |     1 ||     3
   Stab: Sleeping          |     3 |     1 ||     4
 Armour: Skin              |    17 |    11 ||    28
  Dodge: Dodged            |    31 |     7 ||    38

Table legend: (Time is in decaauts)
 A = Elapsed time spent in this place.
 B = Non-inter-level travel time spent in this place.
 C = Inter-level travel time spent in this place.
 D = Time resting spent in this place.
 E = Time spent auto-exploring this place.
 F = Levels seen in this place.
 G = Mean time per level.
                   A        B        C        D        E       F      G
               +--------+--------+--------+--------+--------+-----+--------+
         Total |   1379 |   1341 |     38 |      0 |   1148 |   2 |  689.5 |
       Dungeon |   1379 |   1341 |     38 |      0 |   1148 |   2 |  689.5 |
               +--------+--------+--------+--------+--------+-----+--------+

Top non-repeatable levels by time:
     D:1: 1085 daAuts
     D:2: 294 daAuts
